 Dungeon Crawl Stone Soup version 0.27-a0-1590-g15f69828bf (webtiles) character file.

Game seed: 17400612339977231793

215 Demosthentine the Poker (level 5, -1/42 HPs)
             Began as a Merfolk Gladiator on July 19, 2021.
             Slain by a gnoll (11 damage)
             ... on level 4 of the Dungeon.
             The game lasted 00:02:18 (2757 turns).

Demosthentine the Poker (Merfolk Gladiator)         Turns: 2757, Time: 00:02:19

Health: -1/42      AC:  5    Str: 16    XL:     5   Next: 92%
Magic:  14/14      EV: 14    Int: 13    God:
Gold:   100        SH:  0    Dex: 15    Spells: 4/4 levels left

rFire    . . .     SeeInvis .   a - +0 trident (elec)
rCold    . . .     Faith    .   (no shield)
rNeg     . . .     Spirit   .   b - +0 leather armour
rPois    .         Reflect  .   c - +1 helmet
rElec    .         Harm     .   (no cloak)
rCorr    .         Rampage  .   (no gloves)
Will     .....                  (no boots)
Stlth    +.........             (no amulet)
HPRegen  0.14/turn              g - +6 ring of intelligence
MPRegen  0.14/turn              m - ring of magical power

@: no status effects
A: (nimble swimmer 2), mertail
a: no special abilities


You were on level 4 of the Dungeon.
You visited 1 branch of the dungeon, and saw 4 of its levels.

You collected 100 gold pieces.

Inventory:

Hand Weapons
 a - a +0 trident of electrocution (weapon)
Missiles
 d - 3 throwing nets (quivered)
Armour
 b - a +0 leather armour (worn)
 c - a +1 helmet (worn)
Jewellery
 g - a +6 ring of intelligence (left hand)
 m - a ring of magical power (right hand)
Wands
 i - a wand of acid (4)
Scrolls
 e - a scroll of enchant weapon {unknown}
 f - 2 scrolls of magic mapping
 l - a scroll of teleportation {unknown}
 p - a scroll of holy word {unknown}
Potions
 h - a potion of mutation
 j - a potion of lignification {unknown}
 k - a potion of might {unknown}
 n - a potion of resistance {unknown}
 o - a potion of curing {unknown}


   Skills:
 + Level 3.8 Fighting
 + Level 6.0 Polearms
 - Level 2.0 Throwing
 + Level 1.8 Armour
 + Level 5.4 Dodging


You had 4 spell levels left.
You didn't know any spells.
Your spell library contained the following spells:

 Spells                   Type           Power      Damage    Failure   Level
 Gell's Gravitas          Tloc           0%         N/A       75%         3
 Lesser Beckoning         Tloc           0%         N/A       75%         3
 Ozocubu's Armour         Ice            0%         N/A       75%         3
 Teleport Other           Tloc           0%         N/A       75%         3
 Metabolic Englaciation   Hex/Ice        0%         N/A       100%        5
 Simulacrum               Ice/Necr       0%         N/A       100%        6


Dungeon Overview and Level Annotations

Branches:
Dungeon (4/15)
 Temple: D:4-7

Altars:
Ashenzari
Hepliaklqana
Trog


Innate Abilities, Weirdness & Mutations

((You are quick and stealthy near water. (Stealth+, EV+, Speed+++)))
Your lower body shifts to a powerful aquatic tail in water.


Message History

The gnoll hits you from afar with a +0 halberd!
You hit the gnoll. Lightning courses through the gnoll!
You kill the gnoll!
The gnoll shaman calls upon its god to heal the gnoll.
The gnoll is healed somewhat.
The gnoll barely misses you.
Your Polearms skill increases to level 6!
There are monsters nearby!
You reach to attack!
You hit the gnoll.
The gnoll is heavily wounded.
The gnoll hits you from afar with a +2 spear of freezing.
The gnoll freezes you. The gnoll barely misses you.
There are monsters nearby!
You reach to attack!
You closely miss the gnoll.
The gnoll is heavily wounded.
The gnoll barely misses you.
The gnoll hits you from afar with a +0 halberd!
You are too injured to fight recklessly!
You are too injured to fight recklessly!
You are too injured to fight recklessly!
You are too injured to fight recklessly!
You are too injured to fight recklessly!
Unknown command.
The gnoll shaman calls upon its god to speed up the gnoll.
The gnoll seems to speed up.
The gnoll closely misses you.
The gnoll hits you from afar with a +0 halberd!
* * * LOW HITPOINT WARNING * * *
The gnoll barely misses you.
The gnoll shaman calls upon its god to speed up the gnoll.
The gnoll seems to speed up.
The gnoll hits you from afar with a +0 halberd.
* * * LOW HITPOINT WARNING * * *
The gnoll barely misses you.
Reach: a) +0 trident (elec)
Press: ? - help, Dir - move target, f/p - gnoll
Aim: a gnoll, wielding a +0 halberd (heavily wounded, fast, about 35% to evade your +0 trident of electrocution)
You reach to attack!
You hit the gnoll but do no damage.
The gnoll is heavily wounded.
The gnoll hits you from afar with a +0 halberd!
You die...

#######
#...####+####...#
#...'.......'...#
#...#.♣...♣.#####
#####.♣._.♣.#
####.♣...♣.###
..+.......'.#
#.####+####.#
###.###..##.#.#
#...g.@.###...#
#.#g###.# #.###
#..gg.#.###.#
###.#g#.....#
#...#g#######
#...)..g...
#####g####. ...
###


You could see a gnoll shaman and a gnoll (fast).

Vanquished Creatures
  A scorpion (D:4)
  A hound (D:4)
  A howler monkey skeleton (D:4)
  4 adders
  A gnoll (D:4)
  A worm (D:3)
  2 dart slugs
  7 ball pythons
  A bat (D:2)
  6 endoplasms
  3 giant cockroaches
  8 goblins
  7 hobgoblins
  6 jackals
  4 kobolds
  2 quokkas (D:1)
  3 frilled lizards
  6 rats
64 creatures vanquished.

Notes
Turn   | Place    | Note
-------+----------+-------------------------------------------
     0 | D:1      | Demosthentine the Merfolk Gladiator began the quest for the
                  | Orb.
     0 | D:1      | Reached XP level 1. HP: 16/16 MP: 1/1
    55 | D:1      | Reached XP level 2. HP: 18/23 MP: 2/2
   385 | D:1      | Reached XP level 3. HP: 25/28 MP: 3/3
   780 | D:2      | Reached skill level 5 in Polearms
  1061 | D:2      | Reached skill level 1 in Armour
  1222 | D:2      | Reached XP level 4. HP: 33/35 MP: 4/4
  1798 | D:3      | Found a hazy altar of Hepliaklqana.
  1913 | D:3      | Found a bloodstained altar of Trog.
  2459 | D:4      | Reached skill level 5 in Dodging
  2459 | D:4      | Reached XP level 5. HP: 24/41 MP: 5/5
  2698 | D:4      | Found a broken altar of Ashenzari.
  2748 | D:4      | Reached skill level 6 in Polearms
  2757 | D:4      | Slain by a gnoll

Illustrated notes

Levels and vault maps discovered:
D:1:      lemuel_arrival_hallway, layout_basic, st_stairs_13
D:2:      layout_loops_ring, kennysheep_generic_room_10
D:3:      layout_loops_ring, mainiacjoe_overflow_catwalk,
          mainiacjoe_overflow_paths, minmay_misc_feat_tiny
D:4:      layout_basic, mainiacjoe_overflow_alcove_4, minitemple,
          mainiacjoe_overflow_six_doors_small, grunt_ministairs_15

Skill      XL: |  1  2  3  4  5 |
---------------+----------------+-----
Polearms       | 5 6 |  6.0
Armour         | 1 |  1.8
Fighting       | 3 |  3.8
Dodging        | 5 |  5.4
Throwing       | |  2.0

Action                   |  1- 3 |  4- 6 || total
-------------------------+-------+-------++-------
Melee: Trident           |   113 |    91 ||   204
  Use: Scroll            |     2 |    10 ||    12
 Stab: Sleeping          |     2 |     1 ||     3
Armor: Leather armour    |    21 |    10 ||    31
Dodge: Dodged            |    62 |    38 ||   100

Table legend: (Time is in decaauts)
 A = Elapsed time spent in this place.
 B = Non-inter-level travel time spent in this place.
 C = Inter-level travel time spent in this place.
 D = Time resting spent in this place.
 E = Time spent auto-exploring this place.
 F = Levels seen in this place.
 G = Mean time per level.
                   A        B        C        D        E       F      G
               +--------+--------+--------+--------+--------+-----+--------+
         Total |   2763 |   2739 |     24 |      0 |   2339 |   4 |  690.8 |
       Dungeon |   2763 |   2739 |     24 |      0 |   2339 |   4 |  690.8 |
               +--------+--------+--------+--------+--------+-----+--------+

Top non-repeatable levels by time:
     D:3: 830 daAuts
     D:1: 745 daAuts
     D:2: 690 daAuts
     D:4: 497 daAuts
